Map: Dusty Gorge

Players

Patheris - Winner!

  • Race: Protoss Protoss
  • Spawn Location: 9:00

Landyn - Winner!

  • Race: Zerg Zerg
  • League: Platinum
  • Spawn Location: 11:00

MonstroTown

  • Race: Terran Terran
  • Spawn Location: 3:00

Michael

  • Race: Zerg Zerg
  • League: Gold
  • Spawn Location: 5:00

VOD

Have the link to the VOD?

Description

Time

  • Played on: Sept. 16, 2018, 2:17 p.m.
  • Length: 13:28
Show
View Real Time Build Order
Export as new Build Order

Patheris Protoss - Winner!

Build Orders:  

Get SALT Encoding   

  12  0:01  Probe  
  13  0:15  Probe  
  13  0:16  Pylon  
  14  0:23  Probe  
  15  0:37  Gateway  
  15  0:44  Probe  
  16  0:50  Assimilator  
  16  1:03  Pylon  
  16  1:10  Probe  
  17  1:22  Probe  
  18  1:26  Cybernetics Core  
  18  1:31  Gateway  
  18  1:34  Probe  
  19  1:58  Stalker  
  19  2:01  Nexus  
  21  2:18  Stalker  
  25  2:47  Forge, Stalker  
  25  2:48  Stalker  
  27  3:07  Protoss Ground Weapons Level 1  
  27  3:12  Assimilator  
  27  3:15  Probe  
  27  3:17  Stalker  
  30  3:21  Photon Cannon  
  30  3:27  Probe  
  30  3:31  Probe  
  32  3:39  Probe  
  33  3:41  Stalker  
  35  3:51  Probe  
  35  3:55  Photon Cannon  
  36  3:59  Shield Battery  
  36  4:05  Stalker  
  38  4:10  Stalker  
  40  4:35  Stalker  
  43  4:38  Probe  
  43  4:40  Probe  
  44  4:48  Probe, Assimilator  
  44  4:50  Probe  
  44  4:51  Pylon  
  46  5:07  Stalker  
  46  5:09  Probe  
  49  5:17  Pylon  
  49  5:20  Photon Cannon  
  49  5:21  Probe, Stalker  
  50  5:26  Twilight Council  
  50  5:28  Gateway  
  50  5:29  Stalker  
  50  5:33  Probe  
  55  5:45  Probe  
  56  5:52  Protoss Shields Level 1  
  56  5:56  Stalker  
  58  5:57  Probe  
  58  5:59  Stalker, Blink  
  61  6:10  Probe  
  62  6:24  Pylon  
  62  6:32  Pylon  
  62  6:38  Warp Gate  
  62  6:42  Probe, Stalker  
  62  6:44  Photon Cannon  
  65  6:47  Assimilator  
  65  6:54  Probe  
  65  7:01  Stalker x2  
  70  7:06  Probe  
  71  7:16  Stalker  
  71  7:19  Probe  
  74  7:31  Probe, Stalker  
  74  7:32  Protoss Ground Weapons Level 2  
  77  7:38  Pylon  
  77  7:39  Pylon  
  77  7:43  Probe  
  78  7:56  Probe, Stalker x2  
  83  8:00  Stalker  
  85  8:21  Shield Battery  
  85  8:25  Probe  
  85  8:26  Stalker x2  
  90  8:30  Stalker  
  90  8:33  Gateway x2  
  92  8:34  Gateway  
  92  8:37  Probe  
  93  8:52  Stalker  
  87  8:55  Stalker  
  87  9:01  Stalker  
  93  9:31  Pylon  
  93  9:33  Pylon  
  93  9:34  Pylon  
  93  9:41  Protoss Ground Armor Level 1, Shield Battery  
  93  9:49  Stalker x4  
  93  9:50  Gateway  
  93  9:51  Stalker x2  
  103  10:19  Stalker x3  
  109  10:23  Stalker x3  
  115  10:49  Stalker  
  117  10:57  Pylon  
  117  10:58  Pylon  
  117  11:00  Pylon  
  113  11:05  Stalker x2  
  113  11:06  Stalker  
  71  11:39  Stalker x3  
  77  11:40  Stalker x4  
  71  12:09  Stalker x3  
  71  12:10  Stalker x4  
  85  12:23  Gateway  
  83  12:39  Stalker x3  
  85  13:12  Stalker x2  
  89  13:13  Stalker x2  
Show
View Real Time Build Order
Export as new Build Order

Landyn Zerg - Winner!

Build Orders: Hatch First, Muta Ling Bane 

Get SALT Encoding   

  12  0:01  Drone  
  13  0:12  Overlord  
  13  0:18  Drone  
  14  0:31  Drone x2  
  16  0:52  Hatchery  
  16  0:55  Drone  
  16  0:57  Drone  
  17  1:09  Extractor  
  16  1:14  Spawning Pool  
  16  1:16  Drone  
  16  1:21  Drone  
  16  1:23  Drone  
  18  1:30  Drone  
  19  1:38  Overlord  
  19  2:04  Queen  
  19  2:05  Zergling x6  
  24  2:12  Queen  
  24  2:14  Zergling x2  
  27  2:22  Metabolic Boost  
  27  2:25  Drone x2  
  29  2:32  Overlord  
  29  2:34  Drone  
  29  2:36  Drone  
  31  2:52  Hatchery  
  30  3:00  Drone x3  
  33  3:08  Extractor, Drone x2  
  33  3:09  Drone  
  35  3:22  Drone x2  
  35  3:23  Drone x2  
  39  3:32  Drone  
  39  3:33  Drone x3  
  43  3:35  Overlord  
  41  3:44  Zergling x2  
  41  3:46  Zergling x2  
  41  3:47  Zergling x2  
  41  3:48  Overlord  
  43  3:53  Lair  
  43  3:57  Zergling x4  
  45  4:03  Zergling x6  
  45  4:04  Zergling x2  
  45  4:05  Zergling x2  
  50  4:13  Zergling x2  
  50  4:15  Queen, Zergling x2  
  54  4:19  Queen  
  56  4:40  Overlord, Zergling x6  
  56  4:41  Overlord  
  56  4:44  Drone x2  
  61  4:51  Spire  
  60  4:58  Evolution Chamber  
  60  4:59  Drone x4  
  63  5:07  Extractor  
  63  5:08  Drone x3  
  63  5:09  Extractor, Drone  
  63  5:10  Overlord, Drone  
  66  5:31  Drone x3  
  66  5:32  Drone x3  
  66  5:33  Overlord  
  66  5:34  Overlord  
  72  5:42  Zergling x4  
  74  5:43  Drone x2  
  74  5:46  Drone  
  74  5:47  Drone  
  74  5:48  Overlord x2  
  78  5:56  Zerg Melee Weapons Level 1  
  78  5:59  Overseer  
  78  6:00  Overseer  
  78  6:08  Mutalisk  
  78  6:09  Mutalisk x4  
  78  6:10  Mutalisk  
  90  6:21  Zerg Flyer Weapons Level 1  
  90  6:22  Overlord  
  90  6:23  Drone x3  
  90  6:24  Drone x3  
  96  6:25  Drone  
  96  6:27  Extractor  
  96  6:28  Drone  
  96  6:29  Drone  
  96  6:30  Extractor  
  97  6:46  Mutalisk x2  
  97  6:49  Mutalisk  
  103  6:58  Zergling x8  
  103  6:59  Zergling x6  
  103  7:00  Overlord x2  
  110  7:02  Zergling x2  
  110  7:08  Mutalisk x2  
  115  7:26  Zergling x2  
  115  7:27  Zergling x12  
  115  7:28  Zergling x2  
  123  7:32  Baneling Nest  
  123  7:34  Drone x2  
  123  7:36  Overlord x2, Evolution Chamber  
  123  7:38  Zergling x2  
  123  7:44  Hatchery  
  123  7:52  Zergling x6  
  123  7:53  Zergling x2  
  123  7:54  Zerg Melee Weapons Level 2  
  123  7:55  Zergling x4  
  129  8:02  Zerg Ground Armor Level 1, Infestation Pit  
  129  8:03  Zergling x4  
  130  8:13  Zergling x6  
  127  8:38  Zergling x4  
  127  8:39  Zergling x2  
  130  8:44  Overlord, Zergling x8  
  130  8:45  Overlord  
  130  8:47  Overseer  
  134  8:54  Zerg Flyer Weapons Level 2  
  134  8:57  Hive  
  134  9:01  Centrifical Hooks  
  134  9:02  Zergling x4  
  136  9:03  Zergling x6  
  139  9:14  Hatchery  
  139  9:16  Zergling x8  
  142  9:21  Zergling x2  
  142  9:22  Zergling x6  
  146  9:32  Zergling x6  
  146  9:33  Zergling x2  
  150  9:40  Zergling x2  
  150  9:41  Zergling x4  
  150  9:42  Zergling x6  
  150  9:43  Zergling x10  
  150  9:44  Zergling x8  
  165  9:47  Overlord  
  165  9:53  Baneling x3  
  165  9:54  Baneling x6  
  165  9:55  Baneling x6  
  165  9:56  Baneling x6  
  165  9:57  Baneling x2  
  165  10:04  Baneling  
  165  10:05  Baneling x6  
  165  10:13  Ultralisk Cavern  
  148  10:20  Baneling x2  
  148  10:21  Baneling x6  
  146  10:22  Baneling x5  
  146  10:23  Baneling x2, Zergling x4  
  146  10:24  Zergling x12  
  146  10:25  Zergling x12  
  146  10:26  Zergling x8  
  148  10:43  Zerg Melee Weapons Level 3, Zerg Ground Armor Level 2  
  149  10:57  Drone x5  
  149  10:58  Drone  
  154  11:05  Zergling x2  
  154  11:06  Zergling x6  
  94  11:33  Ultralisk x3  
  94  11:35  Ultralisk  
  94  11:39  Zergling x4  
  118  11:50  Ultralisk  
  124  12:06  Ultralisk  
  124  12:11  Ultralisk  
  118  12:31  Ultralisk  
  118  12:32  Ultralisk  
  127  12:54  Zergling x2  
  127  12:55  Zergling x12  
  127  12:58  Baneling x6  
  134  12:59  Baneling x5  
  134  13:00  Baneling x2  
  134  13:01  Baneling  
  134  13:03  Zergling x2  
  135  13:06  Zergling x2  
  135  13:07  Zergling x4  
  135  13:09  Zergling x2  
Show
View Real Time Build Order
Export as new Build Order

MonstroTown Terran 

Build Orders: MMM Bio 

Get SALT Encoding   

  12  0:01  SCV  
  13  0:13  SCV  
  14  0:19  Supply Depot  
  14  0:25  SCV  
  15  0:40  SCV  
  15  0:41  Barracks  
  16  0:52  SCV  
  17  1:00  Barracks  
  17  1:04  SCV  
  18  1:16  SCV  
  18  1:18  Supply Depot  
  19  1:29  SCV, Marine  
  21  1:52  Command Center  
  21  2:05  Orbital Command  
  21  2:08  Marine, Refinery  
  22  2:16  Marine  
  23  2:25  Refinery  
  23  2:33  SCV  
  24  2:37  Supply Depot  
  24  2:42  Barracks Tech Lab  
  23  2:47  Marine  
  24  2:53  Barracks  
  24  2:54  SCV  
  25  3:02  Marauder  
  25  3:04  Marine  
  28  3:14  SCV, Orbital Command  
  28  3:18  Stimpack  
  29  3:25  Marine  
  29  3:26  SCV  
  31  3:28  Marauder  
  33  3:44  Marine x2  
  34  3:58  Marine  
  35  4:03  SCV x2  
  35  4:05  Factory  
  35  4:09  Engineering Bay  
  37  4:11  Marine  
  37  4:17  Marauder  
  40  4:27  Barracks Reactor  
  40  4:28  Barracks  
  40  4:29  Marine  
  41  4:38  Marauder  
  43  4:41  Terran Infantry Weapons Level 1  
  43  4:46  Marine  
  43  4:48  Supply Depot  
  44  5:06  SCV  
  44  5:07  SCV  
  46  5:09  Marauder, Marine x3  
  46  5:13  Factory Tech Lab  
  51  5:18  SCV  
  52  5:21  Barracks Tech Lab  
  52  5:22  Combat Shields, Starport  
  52  5:28  Marine x2  
  52  5:35  Supply Depot  
  54  5:36  Siege Tank  
  57  6:01  Marine x2  
  57  6:02  Marauder x2  
  63  6:05  Starport Reactor  
  63  6:06  Marine  
  63  6:07  SCV x2  
  63  6:10  Supply Depot  
  66  6:19  SCV x2, Marine  
  66  6:22  Marine  
  66  6:23  Marauder  
  66  6:24  Siege Tank  
  75  6:31  Marauder, Marine  
  78  6:34  Concussive Shells  
  78  6:40  Engineering Bay  
  78  6:47  SCV x2  
  80  6:49  Refinery x2  
  80  6:52  Marine x2  
  82  6:59  SCV  
  81  7:16  Marine  
  81  7:17  Marine x2  
  81  7:18  Marine  
  81  7:20  Terran Infantry Armor Level 1  
  85  7:25  Armory  
  85  7:31  Marine  
  86  7:39  SCV x2, Medivac, Marine  
  91  7:48  Command Center  
  90  8:04  Missile Turret x2  
  90  8:07  Missile Turret x2  
  90  8:08  Missile Turret, Marine x4  
  94  8:17  Missile Turret  
  94  8:19  Marine  
  91  8:42  Viking  
  93  8:55  Command Center  
  93  8:59  Marine  
  94  9:04  SCV, Marine x2  
  94  9:05  Marauder x2  
  94  9:08  Viking  
  101  9:24  Marine  
  101  9:25  Marine  
  101  9:26  Medivac, Marauder  
  101  9:29  Terran Infantry Armor Level 2, Terran Infantry Weapons Level 2  
  107  9:33  SCV x2  
  109  9:49  Marine  
  110  9:55  Supply Depot  
  110  10:07  Marauder x2, Marine x2  
  109  10:43  Hellbat  
  106  10:51  Factory  
  101  11:10  Marine x2  
  101  11:11  Marauder, Marine  
  94  11:12  Marauder  
  46  11:28  Marine x3  
  47  11:33  Marauder, Marine  
  47  11:34  Orbital Command, Barracks  
  47  11:38  Barracks x2  
  50  11:46  Marine x3  
  52  11:50  Siege Tank  
  52  11:51  Marauder  
  52  11:53  Hellbat  
  59  11:54  Marauder  
  59  11:59  Bunker  
  61  12:04  Marine x3  
  64  12:11  Orbital Command  
  64  12:16  Hellbat  
  68  12:22  Hellbat  
  68  12:24  Marine x2  
  70  12:30  Marine x3  
  77  12:37  Marauder x2  
  77  12:38  Hellbat  
  81  12:44  Hellbat  
  81  12:50  Barracks Tech Lab  
  85  12:58  Marauder x2, Marine x2  
  85  12:59  Hellbat, Marine x3  
  85  13:05  Hellbat  
  94  13:10  Marine  
Show
View Real Time Build Order
Export as new Build Order

Michael Zerg 

Build Orders: Hatch First 

Get SALT Encoding   

  12  0:01  Drone  
  13  0:12  Overlord  
  13  0:18  Drone  
  14  0:31  Drone x2  
  14  0:34  Drone  
  17  0:45  Drone  
  18  0:59  Hatchery  
  18  1:01  Drone  
  18  1:06  Extractor  
  17  1:16  Spawning Pool  
  16  1:20  Drone  
  16  1:23  Drone  
  18  1:30  Drone  
  19  1:39  Drone  
  20  1:52  Overlord  
  20  2:03  Queen  
  20  2:08  Metabolic Boost  
  22  2:11  Queen  
  22  2:13  Zergling x4  
  26  2:16  Zergling x2  
  26  2:22  Drone  
  28  2:24  Extractor, Drone  
  28  2:32  Drone  
  28  2:33  Drone  
  30  2:45  Overlord  
  29  2:52  Drone  
  29  2:55  Drone x2  
  32  2:59  Queen  
  34  3:09  Queen  
  36  3:25  Drone x4  
  36  3:26  Drone x2  
  42  4:03  Roach Warren  
  42  4:05  Lair  
  42  4:09  Drone x3  
  44  4:11  Overlord  
  44  4:13  Overlord  
  44  4:14  Hatchery  
  43  4:17  Overlord  
  43  4:40  Evolution Chamber  
  42  4:51  Spore Crawler  
  41  4:55  Spore Crawler, Spine Crawler  
  41  4:56  Queen  
  41  4:59  Drone x8  
  50  5:00  Drone  
  50  5:01  Drone  
  51  5:15  Glial Reconstitution  
  51  5:21  Drone x2, Spire  
  52  5:23  Drone  
  52  5:25  Drone  
  54  5:32  Queen  
  56  6:02  Overlord x4  
  56  6:03  Overlord  
  56  6:19  Roach x5  
  56  6:21  Roach  
  56  6:22  Roach x8  
  56  6:24  Roach  
  86  6:29  Zerg Ground Armor Level 1  
  86  6:36  Infestation Pit  
  85  6:56  Roach x2  
  85  6:57  Roach x5  
  85  6:59  Hatchery  
  85  7:00  Roach  
  100  7:01  Zergling x2  
  101  7:12  Hive  
  101  7:33  Roach x2  
  101  7:34  Overlord x3  
  101  7:35  Overlord x4  
  105  7:54  Roach x8  
  105  7:56  Zergling x2  
  122  7:59  Zergling x4  
  122  8:03  Mutalisk  
  126  8:13  Spore Crawler x2  
  126  8:17  Spore Crawler  
  123  8:21  Spore Crawler  
  123  8:22  Spore Crawler  
  121  8:30  Greater Spire  
  121  8:31  Spore Crawler  
  121  8:32  Spore Crawler  
  119  8:47  Queen  
  121  8:48  Drone x5  
  121  8:49  Drone x4  
  128  8:59  Corruptor  
  128  9:00  Corruptor  
  130  9:17  Drone  
  130  9:18  Drone x4  
  130  9:21  Extractor  
  130  9:22  Extractor, Drone  
  130  9:23  Drone x2  
  130  9:24  Drone x3  
  139  9:28  Extractor, Drone x2  
  139  9:30  Extractor, Drone  
  140  9:31  Drone  
  140  9:33  Drone  
  142  9:43  Drone x2  
  144  10:05  Brood Lord x2, Corruptor  
  150  10:17  Overlord x3  
  150  10:18  Overlord x2  
  150  10:22  Overseer x3  
  150  10:26  Adrenal Glands  
  75  11:18  Roach x4  
  75  11:19  Roach x24  
  75  11:24  Zergling x8  
  131  11:30  Roach x3  
  118  11:46  Zergling x10  
  118  11:51  Zergling x2  
  110  12:05  Roach x2  
  110  12:06  Roach x9  
  118  12:09  Roach  
  86  12:18  Roach x3  
  82  12:25  Zergling x2  
  75  12:35  Roach x3  
  69  12:39  Zergling x4  
  69  12:41  Zergling x2  
  47  12:50  Drone  
  45  12:53  Corruptor  
Tags
 
Add a new tag
Caveats
  • Supply blocks, unpowered buildings, or Contaminate may cause inaccurate times.
  • Supply counts are checked every 10 seconds.